TOP OF THE 1ST |
New York Yankees batting - Pitching for Houston Astros : LHP Mat Pear
|
Pitching: LHP Mat Pear
|
|
Batting: RHB Russ Shambaugh
|
0-0: Foul Ball, location: 2F 0-1: Ball 1-1: Ball 2-1: Foul Ball, location: 2F 2-2: Foul Ball, location: 2F 2-2: Strikes out swinging
|
Batting: LHB Jordan de Jesus
|
0-0: Called Strike 0-1: Ball 1-1: Foul Ball, location: 2F 1-2: Ground out U3 (Groundball, 3, EV 81.9 MPH)
|
Batting: SHB Bartholomeu Chambino
|
0-0: Fly out, F9 (Flyball, 9, EV 88.8 MPH)
|
Top of the 1st over - 0 runs, 0 hits, 0 errors, 0 left on base; New York 0 - Houston 0 |
BOTTOM OF THE 1ST |
Houston Astros batting - Pitching for New York Yankees : RHP John Brice
|
Pitching: RHP John Brice
|
|
Batting: RHB Jesse Scott
|
0-0: Ball 1-0: Foul Ball, location: 2F 1-1: Foul Ball, location: 2F 1-2: Ball 2-2: SINGLE (Groundball, 56D, EV 106.2 MPH)
|
Batting: LHB Eric Katz
|
0-0: Foul Ball, location: 2F 0-1: Swinging Strike 0-2: Ball 1-2: Ball 2-2: Strikes out looking
|
Batting: SHB Jason Woods
|
0-0: Ball 1-0: Ball 2-0: Foul Ball, location: 2F 2-1: Ball 3-1: SINGLE (Groundball, 34D, EV 98.8 MPH) Jesse Scott to second Runner from 2nd tries for 3rd, SAFE, throw by RF made to third Jason Woods to second
|
Batting: LHB Jack Christie
|
0-0: Ball 1-0: Called Strike 1-1: Ball 2-1: Ball 3-1: Base on Balls
|
Batting: SHB Rich Chavez
|
0-0: Ball 1-0: Foul Ball, location: 2F 1-1: Foul Ball, location: 2F 1-2: DOUBLE (Flyball, 8LXD, EV 102.5 MPH) Jesse Scott scores Jason Woods scores Jack Christie to third
|
Batting: RHB Jeremy Trump
|
0-0: Ball 1-0: Foul Ball, location: 2F 1-1: Called Strike 1-2: Strikes out swinging
|
Batting: LHB Bryce Hill
|
0-0: Called Strike 0-1: Ball 1-1: Fly out, F8 (Line Drive, 8RD, EV 84.4 MPH)
|
Bottom of the 1st over - 2 runs, 3 hits, 0 errors, 2 left on base; New York 0 - Houston 2 |
TOP OF THE 2ND |
New York Yankees batting - Pitching for Houston Astros : LHP Mat Pear
|
Batting: RHB Adriaan Pieters
|
0-0: Ball 1-0: Ball 2-0: Ball 3-0: Base on Balls
|
Batting: LHB Jim Skare
|
0-0: SINGLE (Line Drive, 34D, EV 93.8 MPH) Adriaan Pieters to second Runner from 2nd tries for 3rd, OUT! 9-5
|
Batting: RHB Shiro Suehiro
|
0-0: DOUBLE (Flyball, 9LD, EV 109.4 MPH) Jim Skare to third
|
Batting: SHB Victor Ruiz
|
0-0: Ball 1-0: Swinging Strike 1-1: Foul Ball, location: 2F 1-2: Foul Ball, location: 2F 1-2: Ground out 2-3 (Groundball, 15S, EV 69.4 MPH)
|
Batting: RHB Mike Gifford
|
0-0: Called Strike 0-1: Ball 1-1: Called Strike 1-2: Foul Ball, location: 2F 1-2: SINGLE (Line Drive, 9S, EV 94.4 MPH) Jim Skare scores Shiro Suehiro to third Runner from 3rd tries for Home, SAFE, throw by RF to home Mike Gifford to second
|
Batting: LHB Joel Vera
|
0-0: Ball 1-0: Ball 2-0: Foul Ball, location: 2F 2-1: Ball 3-1: Foul Ball, location: 2F 3-2: Ground out 5-3 (Groundball, 56S, EV 66.9 MPH)
|
Top of the 2nd over - 2 runs, 3 hits, 0 errors, 1 left on base; New York 2 - Houston 2 |
BOTTOM OF THE 2ND |
Houston Astros batting - Pitching for New York Yankees : RHP John Brice
|
Batting: RHB Eric Chotkowski
|
0-0: Called Strike 0-1: Ball 1-1: Ball 2-1: SINGLE (Line Drive, 8RS, EV 104.4 MPH)
|
Batting: RHB Mark Marks
|
0-0: Foul Ball, location: 2F 0-1: Ball 1-1: Fly out, F6 (Popup, P, EV 90.0 MPH)
|
Batting: RHB Jesse Scott
|
0-0: Foul Ball, location: 2F 0-1: Ball 1-1: Fly out, F9 (Flyball, 89D, EV 107.5 MPH)
|
Batting: LHB Eric Katz
|
0-0: Ball 1-0: Called Strike 1-1: Foul Ball, location: 2F 1-2: Foul Ball, location: 2F 1-2: Strikes out swinging
|
Bottom of the 2nd over - 0 runs, 1 hit, 0 errors, 1 left on base; New York 2 - Houston 2 |
TOP OF THE 3RD |
New York Yankees batting - Pitching for Houston Astros : LHP Mat Pear
|
Batting: RHB Russ Shambaugh
|
0-0: Ball 1-0: Foul Ball, location: 2F 1-1: Ball 2-1: Fly out, F7 (Flyball, 7, EV 75.0 MPH)
|
Batting: LHB Jordan de Jesus
|
0-0: Ball 1-0: Ball 2-0: Ball 3-0: Called Strike 3-1: Called Strike 3-2: Fly out, F9 (Flyball, 9LM, EV 99.4 MPH)
|
Batting: SHB Bartholomeu Chambino
|
0-0: Ball 1-0: Ball 2-0: Swinging Strike 2-1: Foul Ball, location: 2F 2-2: Ball 3-2: Base on Balls
|
Batting: RHB Adriaan Pieters
|
0-0: Called Strike 0-1: Ball 1-1: Ball 2-1: 2-RUN HOME RUN (Flyball, 7LD, EV 93.1 MPH), Distance : 354 ft
|
Batting: LHB Jim Skare
|
0-0: Ball 1-0: Ball 2-0: Called Strike 2-1: Foul Ball, location: 2F 2-2: Foul Ball, location: 2F 2-2: Fly out, F7 (Flyball, 7, EV 95.6 MPH)
|
Top of the 3rd over - 2 runs, 1 hit, 0 errors, 0 left on base; New York 4 - Houston 2 |
BOTTOM OF THE 3RD |
Houston Astros batting - Pitching for New York Yankees : RHP John Brice
|
Batting: SHB Jason Woods
|
0-0: Fly out, F7 (Flyball, 78D, EV 91.9 MPH)
|
Batting: LHB Jack Christie
|
0-0: Called Strike 0-1: Ball 1-1: Ball 2-1: Ball 3-1: Foul Ball, location: 2F 3-2: Foul Ball, location: 2F 3-2: Ground out 4-3 (Groundball, 4, EV 101.9 MPH)
|
Batting: SHB Rich Chavez
|
0-0: Called Strike 0-1: Ball 1-1: Ground out 4-3 (Groundball, 4, EV 86.9 MPH)
|
Bottom of the 3rd over - 0 runs, 0 hits, 0 errors, 0 left on base; New York 4 - Houston 2 |
TOP OF THE 4TH |
New York Yankees batting - Pitching for Houston Astros : LHP Mat Pear
|
Batting: RHB Shiro Suehiro
|
0-0: Called Strike 0-1: Fly out, F7 (Flyball, 78D, EV 103.1 MPH)
|
Batting: SHB Victor Ruiz
|
0-0: Ball 1-0: Ground out 6-3 (Groundball, 6M, EV 78.8 MPH)
|
Batting: RHB Mike Gifford
|
0-0: Swinging Strike 0-1: Swinging Strike 0-2: Strikes out swinging
|
Top of the 4th over - 0 runs, 0 hits, 0 errors, 0 left on base; New York 4 - Houston 2 |
BOTTOM OF THE 4TH |
Houston Astros batting - Pitching for New York Yankees : RHP John Brice
|
Batting: RHB Jeremy Trump
|
0-0: Ball 1-0: Ball 2-0: Called Strike 2-1: Swinging Strike 2-2: Ball 3-2: Fly out, F7 (Flyball, 78S, EV 81.2 MPH)
|
Batting: LHB Bryce Hill
|
0-0: Called Strike 0-1: Swinging Strike 0-2: Ball 1-2: Ball 2-2: Foul Ball, location: 2F 2-2: Strikes out swinging
|
Batting: RHB Eric Chotkowski
|
0-0: Called Strike 0-1: Ball 1-1: Ball 2-1: Foul Ball, location: 2F 2-2: Strikes out swinging
|
Bottom of the 4th over - 0 runs, 0 hits, 0 errors, 0 left on base; New York 4 - Houston 2 |
TOP OF THE 5TH |
New York Yankees batting - Pitching for Houston Astros : LHP Mat Pear
|
Batting: LHB Joel Vera
|
0-0: Ball 1-0: Foul Ball, location: 2F 1-1: Called Strike 1-2: Foul Ball, location: 2F 1-2: Ball 2-2: Ball 3-2: Foul Ball, location: 2F 3-2: Ground out 4-3 (Groundball, 4, EV 100.6 MPH)
|
Batting: RHB Russ Shambaugh
|
0-0: Ball 1-0: DOUBLE (Line Drive, 78XD, EV 99.4 MPH)
|
Batting: LHB Jordan de Jesus
|
0-0: Ball 1-0: Ball 2-0: Foul Ball, location: 2F 2-1: Ball 3-1: Foul Ball, location: 2F 3-2: Ground out 4-3 (Groundball, 4, EV 104.4 MPH) Russ Shambaugh to third
|
Batting: SHB Bartholomeu Chambino
|
0-0: Ball 1-0: Foul Ball, location: 2F 1-1: Ball 2-1: Ball 3-1: Fly out, F7 (Line Drive, 7S, EV 92.5 MPH)
|
Top of the 5th over - 0 runs, 1 hit, 0 errors, 1 left on base; New York 4 - Houston 2 |
BOTTOM OF THE 5TH |
Houston Astros batting - Pitching for New York Yankees : RHP John Brice
|
Batting: RHB Mark Marks
|
0-0: Ball 1-0: Called Strike 1-1: Ball 2-1: Foul Ball, location: 2F 2-2: Strikes out swinging
|
Batting: RHB Jesse Scott
|
0-0: Ball 1-0: Foul Ball, location: 2F 1-1: Foul Ball, location: 2F 1-2: TRIPLE (Line Drive, 9D, EV 109.4 MPH)
|
Batting: LHB Eric Katz
|
0-0: Fly out, F8 (Flyball, 8LD, EV 96.2 MPH) Runner from 3rd tags up, SCORES, throw by CF
|
Batting: SHB Jason Woods
|
0-0: Ground out 4-3 (Groundball, 4, EV 101.9 MPH)
|
Bottom of the 5th over - 1 run, 1 hit, 0 errors, 0 left on base; New York 4 - Houston 3 |
TOP OF THE 6TH |
New York Yankees batting - Pitching for Houston Astros : LHP Mat Pear
|
Batting: RHB Adriaan Pieters
|
0-0: Ball 1-0: Ball 2-0: Called Strike 2-1: Foul Ball, location: 2F 2-2: Ball 3-2: Base on Balls
|
Batting: LHB Jim Skare
|
0-0: Ball 1-0: Grounds into double play, 4-6-3 (Groundball, 4, EV 90.0 MPH)
|
Batting: RHB Shiro Suehiro
|
0-0: Ball 1-0: Ball 2-0: Ground out 4-3 (Groundball, 4S, EV 70.0 MPH)
|
Top of the 6th over - 0 runs, 0 hits, 0 errors, 0 left on base; New York 4 - Houston 3 |
BOTTOM OF THE 6TH |
Houston Astros batting - Pitching for New York Yankees : RHP John Brice
|
Batting: LHB Jack Christie
|
0-0: Ball 1-0: Foul Ball, location: 2F 1-1: Foul Ball, location: 2F 1-2: Foul Ball, location: 2F 1-2: Ball 2-2: Foul Ball, location: 2F 2-2: Strikes out swinging
|
Batting: SHB Rich Chavez
|
0-0: Ball 1-0: Ball 2-0: Foul Ball, location: 2F 2-1: Fly out, F8 (Line Drive, 8RM, EV 91.9 MPH)
|
Batting: RHB Jeremy Trump
|
0-0: Foul Ball, location: 2F 0-1: Fly out, F8 (Flyball, 8RD, EV 86.9 MPH)
|
Bottom of the 6th over - 0 runs, 0 hits, 0 errors, 0 left on base; New York 4 - Houston 3 |
TOP OF THE 7TH |
New York Yankees batting - Pitching for Houston Astros : LHP Mat Pear
|
Batting: SHB Victor Ruiz
|
0-0: Foul Ball, location: 2F 0-1: SINGLE (Groundball, 6MD, EV 103.8 MPH)
|
Batting: RHB Mike Gifford
|
0-0: Fly out, F9 (Flyball, 9D, EV 94.4 MPH)
|
Pitching: RHP Taek-gyun Kym
|
|
Batting: LHB Joel Vera
|
0-0: Fielders Choice at 2nd, 4-6 (Groundball, 34, EV 103.8 MPH)
|
Batting: RHB Russ Shambaugh
|
0-0: Ball Joel Vera steals 2nd, throwing error, E2 Joel Vera to third 1-0: SINGLE (Groundball, 6S, EV 70.6 MPH) (infield hit) Joel Vera scores
|
Batting: LHB Jordan de Jesus
|
0-0: Swinging Strike 0-1: Ball Passed Ball! Russ Shambaugh to second 1-1: Called Strike 1-2: Strikes out swinging
|
Top of the 7th over - 1 run, 2 hits, 1 error, 1 left on base; New York 5 - Houston 3 |
BOTTOM OF THE 7TH |
Houston Astros batting - Pitching for New York Yankees : RHP John Brice
|
Pitching: RHP Chad Curry
|
|
Batting: LHB Bryce Hill
|
0-0: Called Strike 0-1: Ball 1-1: Foul Ball, location: 2F 1-2: Ball 2-2: Strikes out swinging
|
Batting: RHB Eric Chotkowski
|
0-0: Swinging Strike 0-1: Foul Ball, location: 2F 0-2: Ball 1-2: Strikes out looking
|
Batting: RHB Mark Marks
|
0-0: Ball 1-0: Ball 2-0: Ball 3-0: Called Strike 3-1: Called Strike 3-2: Strikes out swinging
|
Bottom of the 7th over - 0 runs, 0 hits, 0 errors, 0 left on base; New York 5 - Houston 3 |
TOP OF THE 8TH |
New York Yankees batting - Pitching for Houston Astros : RHP Taek-gyun Kym
|
Batting: SHB Bartholomeu Chambino
|
0-0: Foul Ball, location: 2F 0-1: Ball 1-1: Ball 2-1: Foul Ball, location: 2F 2-2: Ball 3-2: Ground out 4-3 (Groundball, 4, EV 81.9 MPH)
|
Batting: RHB Adriaan Pieters
|
0-0: Ball 1-0: Ball 2-0: Foul Ball, location: 2F 2-1: Foul Ball, location: 2F 2-2: Ball 3-2: SINGLE (Line Drive, 8LS, EV 103.1 MPH)
|
Batting: LHB Jim Skare
|
0-0: Ball 1-0: Ball Pickoff Throw to First - Out! 1-3 CS 2-0: Called Strike 2-1: Ball 3-1: Base on Balls
|
Batting: RHB Shiro Suehiro
|
0-0: Ball 1-0: Foul Ball, location: 2F 1-1: Ball 2-1: Ball 3-1: Base on Balls Jim Skare to second
|
Batting: SHB Victor Ruiz
|
0-0: Called Strike 0-1: 3-RUN HOME RUN (Flyball, 9D, EV 101.2 MPH), Distance : 388 ft
|
Pitching: RHP David Toellner
|
|
Batting: RHB Mike Gifford
|
0-0: Ball 1-0: Called Strike 1-1: Called Strike 1-2: Ball 2-2: Ball 3-2: Base on Balls
|
Batting: LHB Joel Vera
|
0-0: Fly out, F7 (Flyball, 78S, EV 84.4 MPH)
|
Top of the 8th over - 3 runs, 2 hits, 0 errors, 1 left on base; New York 8 - Houston 3 |
BOTTOM OF THE 8TH |
Houston Astros batting - Pitching for New York Yankees : RHP Chad Curry
|
Batting: RHB Jesse Scott
|
0-0: Ball 1-0: Foul Ball, location: 2F 1-1: Ground out 6-3 (Groundball, 6S, EV 70.6 MPH)
|
Batting: LHB Eric Katz
|
0-0: Called Strike 0-1: Ball 1-1: Ball 2-1: Called Strike 2-2: Strikes out swinging
|
Batting: SHB Jason Woods
|
0-0: Swinging Strike 0-1: Foul Ball, location: 2F 0-2: Ball 1-2: Foul Ball, location: 2F 1-2: Foul Ball, location: 2F 1-2: Foul Ball, location: 2F 1-2: SINGLE (Line Drive, 89S, EV 94.4 MPH)
|
Batting: LHB Jack Christie
|
0-0: Ball 1-0: Called Strike 1-1: Swinging Strike 1-2: Ball 2-2: Strikes out swinging
|
Bottom of the 8th over - 0 runs, 1 hit, 0 errors, 1 left on base; New York 8 - Houston 3 |
TOP OF THE 9TH |
New York Yankees batting - Pitching for Houston Astros : RHP David Toellner
|
Batting: RHB Russ Shambaugh
|
0-0: Foul Ball, location: 2F 0-1: Ball 1-1: Ball 2-1: Ball 3-1: Base on Balls
|
Batting: LHB Jordan de Jesus
|
0-0: Ball 1-0: DOUBLE (Line Drive, 5D, EV 98.1 MPH) Russ Shambaugh to third
|
Batting: SHB Bartholomeu Chambino
|
0-0: Ball 1-0: Called Strike 1-1: Ball 2-1: Ball 3-1: Called Strike 3-2: Fly out, F8 (Flyball, 89M, EV 96.2 MPH) Runner from 3rd tags up, SCORES, throw by CF Jordan de Jesus to third
|
Batting: RHB Adriaan Pieters
|
0-0: Foul Ball, location: 2F 0-1: Swinging Strike 0-2: Ball 1-2: Strikes out looking
|
Batting: LHB Jim Skare
|
0-0: Swinging Strike 0-1: Ball 1-1: Ball 2-1: Swinging Strike 2-2: Ball 3-2: Foul Ball, location: 2F 3-2: Strikes out swinging
|
Top of the 9th over - 1 run, 1 hit, 0 errors, 1 left on base; New York 9 - Houston 3 |
BOTTOM OF THE 9TH |
Houston Astros batting - Pitching for New York Yankees : RHP Chad Curry
|
Batting: SHB Rich Chavez
|
0-0: Ball 1-0: Called Strike 1-1: Foul Ball, location: 2F 1-2: Ball 2-2: Foul Ball, location: 2F 2-2: Ground out 4-3 (Groundball, 4, EV 83.8 MPH)
|
Pitching: RHP Bret Davies
|
|
Batting: RHB Jeremy Trump
|
0-0: Ball 1-0: Swinging Strike 1-1: Foul Ball, location: 2F 1-2: SOLO HOME RUN (Line Drive, 9LD, EV 95.0 MPH), Distance : 348 ft
|
Batting: LHB Bryce Hill
|
0-0: Called Strike 0-1: Foul Ball, location: 2F 0-2: Fly out, F7 (Flyball, 7, EV 75.0 MPH)
|
Batting: RHB Eric Chotkowski
|
0-0: Ball 1-0: Foul Ball, location: 2F 1-1: Ball 2-1: Swinging Strike 2-2: SINGLE (Line Drive, 34D, EV 93.8 MPH)
|
Batting: RHB Mark Marks
|
0-0: Swinging Strike 0-1: Ball 1-1: Foul Ball, location: 2F 1-2: Ball 2-2: Ball 3-2: Strikes out looking
|
Bottom of the 9th over - 1 run, 2 hits, 0 errors, 1 left on base; New York 9 - Houston 4 |
|